 Dungeon Crawl Stone Soup version 0.30.0-20-g3615ddf2f0 (webtiles) character file.

Game seed: 12177420074938017165

13101 qw the Cleaver (level 12, -8/77 HPs)
             Began as a Gargoyle Fighter on May 28, 2023.
             Was an Elder of Okawaru.
             Mangled by a minotaur
             ... wielding the +6 lajatang "Gaex" {elec, rC+}
              (30 damage)
             ... in a Gauntlet.
             The game lasted 00:05:21 (10486 turns).

qw the Cleaver (Gargoyle Fighter)                  Turns: 10486, Time: 00:05:22

Health: -8/77      AC: 28    Str: 24    XL:     12   Next: 2%
Magic:  15/16      EV: 10    Int: 10    God:    Okawaru [****..]
Gold:   701        SH:  6    Dex:  9    Spells: 11/11 levels left

rFire   . . .        Y - +3 war axe (freeze)
rCold   + . .        c - +0 buckler
rNeg    + + .        k - +0 chain mail
rPois   inf          h - +0 helmet of Vupleuluu {rPois rCorr SInv}
rElec   +            i - +2 cloak
rCorr   +            p - +0 pair of gloves
SInv    +            (no boots)
Will    .....        (no amulet) Stlth
                     s - ring of protection from cold
HPRegen 0.32/turn    u - ring of positive energy
MPRegen 0.15/turn

%: no teleportation
@: heroic
A: sickness immunity, AC +8, negative energy resistance 1, electricity
resistance, torment resistance 1, petrification resistance
a: Renounce Religion, Heroism, Finesse


You were in a Gauntlet.
You worshipped Okawaru.
Okawaru was greatly pleased with you.
You visited 1 branch of the dungeon, and saw 12 of its levels.
You also visited: Gauntlet.

You collected 701 gold pieces.


Innate Abilities, Weirdness & Mutations

You are immune to sickness and miasma.
Your stone body is resilient. (AC +8)
You are immune to poison.
You resist negative energy. (rN+)
You are resistant to electric shocks. (rElec)
You are resistant to unholy torment.
You are immune to petrification.


   Skills:
 - Level 10.0(15.0) Fighting
 + Level 12.3(17.3) Axes
 - Level 1.7(6.7) Throwing
 - Level 8.0(13.0) Armour
 - Level 2.0(7.0) Dodging
 - Level 6.0(11.0) Shields
 + Level 6.0 Invocations


You had 11 spell levels left.
You didn't know any spells.
Your spell library was empty.

Inventory:

Hand Weapons
 o - a +0 morningstar
 Y - a +3 war axe of freezing (weapon)
Missiles
 m - 9 boomerangs (quivered)
Armour
 c - a +0 buckler (worn)
 h - the +0 helmet of Vupleuluu (worn) {rPois rCorr SInv}
   (You found it in a Gauntlet)

   rPois:     It protects you from poison.
   SInv:      It lets you see invisible.
   rCorr:     It protects you from acid and corrosion.
 i - a +2 cloak (worn)
 k - a +0 chain mail (worn)
 p - a +0 pair of gloves (worn)
Jewellery
 l - a ring of resist corrosion
 s - a ring of protection from cold (left hand)
 u - a ring of positive energy (right hand)
Scrolls
 a - 3 scrolls of teleportation
 b - 5 scrolls of identify
Potions
 d - 2 potions of might
 e - a potion of cancellation
 f - 2 potions of mutation
 g - a potion of curing
 j - a potion of magic
 q - a potion of attraction
 r - 2 potions of lignification

Dungeon Overview and Level Annotations

Branches:
Dungeon (14/15)            Temple (0/1) D:5         Gauntlet (1/1)
   Lair: D:8-11         Orc: D:9-12      Vaults: D:13-14

Altars:
Ashenzari
Elyvilon
Makhleb
Nemelex Xobeh
Okawaru
Qazlal
Ru
Sif Muna
Trog
Vehumet
Wu Jian
Zin
The Shining One

Shops:
D:8 *

Annotations:
Gauntlet 6 transporters


Message History

Enter note:
Enter note: You hit the minotaur but do no damage.
The minotaur hits you but does no damage.
The minotaur closely misses you.
You hit the minotaur but do no damage. You barely miss the minotaur.
The minotaur furiously retaliates!
The minotaur headbutts you, but does no damage.
The minotaur hits you but does no damage.
The minotaur gores you but does no damage.
You slash the minotaur! You freeze the minotaur.
The minotaur is lightly wounded.
The minotaur closely misses you. The minotaur gores you.
You slash the minotaur!
The minotaur is moderately wounded.
The minotaur hits you with the +6 lajatang "Gaex" {elec, rC+}!
The minotaur barely misses you.
You slash the minotaur! You freeze the minotaur.
The minotaur is heavily wounded.
You hit the minotaur but do no damage.
The minotaur is heavily wounded.
The minotaur hits you with the +6 lajatang "Gaex" {elec, rC+}!!
The minotaur gores you but does no damage.
You slice the minotaur!! You freeze the minotaur.
The minotaur is almost dead.
The minotaur hits you with the +6 lajatang "Gaex" {elec, rC+}!!
You block the minotaur's attack.
10483 ||| DRINKING potion of heal wounds.
You feel much better. You block the minotaur's attack.
The minotaur barely misses you.
You closely miss the minotaur.
The minotaur furiously retaliates!
The minotaur headbutts you, but does no damage.
The minotaur is almost dead.
You block the minotaur's attack. The minotaur gores you!
You hit the minotaur.
The minotaur is almost dead.
You hit the minotaur but do no damage.
The minotaur is almost dead.
The minotaur hits you with the +6 lajatang "Gaex" {elec, rC+}!!
You die...

..#0##h####..## ###
###0##.h.$#..~##..##
^^#0#.^.#^#..###... #
###R...##=#..~##..# ..
..####.##R#..###..##.#
..###h.hhE#..#.......
..#########..#^...#
...........\.#....##.#
.............#..@....#
###########..#^.H.##....
#.........#..#....# #.
#..%###...#..###.....#
#....#...)#..¤##..##..
#.#%^#..#?#..###..# #
#.######.^#..¤##...
#.#..#..#[#..###..##
#....#....#..~#


You could see a minotaur, an efreet and a fire elemental.

Vanquished Creatures
  A dire elephant (Gauntlet)
  A tengu warrior (D:14)
  A two-headed ogre (D:7)
  Pikel (D:8)
  A necromancer (Gauntlet)
  A cyclops (D:14)
  3 elephants (Gauntlet)
  A tengu conjurer (D:14)
  A queen bee (Gauntlet)
  A troll (D:7)
  2 wyverns
  A wraith (D:9)
  15 yaks
  2 steam dragons
  5 water moccasins
  4 orc warriors
  An ice beast (D:7)
  4 black bears
  4 ogres
  2 centaurs
  4 wolves (Gauntlet)
  4 lemures (D:8)
  A phantom (D:6)
  4 kobold brigands
  A gnoll sergeant (D:8)
  4 scorpions
  4 bullfrogs
  4 wights (D:8)
  23 killer bees
  2 howler monkeys
  A hound (D:7)
  A jelly (D:5)
  7 orc priests
  A gnoll bouda (D:9)
  3 iron imps (D:8)
  2 iguanas
  A sleepcap (D:5)
  12 orc wizards
  17 gnolls
  5 adders
  3 white imps
  An ufetubus (D:5)
  2 dart slugs
  26 orcs
  12 ball pythons
  5 endoplasms
  5 giant cockroaches
  11 goblins
  9 hobgoblins
  16 kobolds
  4 quokkas
  5 bats
  3 frilled lizards
  2 rats
257 creatures vanquished.

Notes
Turn   | Place    | Note
-------+----------+-------------------------------------------
     0 | D:1      | qw the Gargoyle Fighter began the quest for the Orb.
     0 | D:1      | Reached XP level 1. HP: 14/14 MP: 1/1
     0 | D:1      | 0 ||| qw: Version: 0.2-a-100-g4e38944
     0 | D:1      | 0 ||| qw: Game counter: 211
     0 | D:1      | 0 ||| qw: Always use a shield: true
     0 | D:1      | 0 ||| qw: God list: Okawaru
     0 | D:1      | 0 ||| qw: Allow faded altars: false
     0 | D:1      | 0 ||| qw: Do Orc after D:15 true
     0 | D:1      | 0 ||| qw: Do second Lair branch before Depths: true
     0 | D:1      | 0 ||| qw: Lair rune preference: random
     0 | D:1      | 0 ||| qw: Plans: Normal, Zot:1-4, God:TSO, Crypt, Tomb,
                  | Pan, Slime:5, Hells, Abyss, Win
     0 | D:1      | 0 ||| PLANNING D:1-11
    20 | D:1      | Reached skill level 2 in Axes
   108 | D:1      | Reached XP level 2. HP: 19/19 MP: 2/2
   184 | D:1      | 184 ||| Stepping ~*~*~tactically~*~*~ (stealth).
   185 | D:1      | 185 ||| Stepping ~*~*~tactically~*~*~ (stealth).
   575 | D:1      | Reached skill level 3 in Axes
   575 | D:1      | 575 ||| Stepping ~*~*~tactically~*~*~ (hiding).
   586 | D:1      | Reached XP level 3. HP: 10/23 MP: 3/3
   955 | D:1      | 955 ||| UPGRADING to +0 cloak.
   960 | D:1      | 960 ||| UPGRADING to +0 chain mail.
   970 | D:1      | 970 ||| DROPPING +0 scale mail.
   971 | D:1      | 971 ||| UPGRADING to ring of resist corrosion.
   972 | D:1      | 972 ||| UPGRADING to ring of positive energy.
   973 | D:1      | 973 ||| READING 3 scrolls labelled RAKENI OREL TENU.
   974 | D:1      | 974 ||| READING 2 scrolls of enchant armour.
   974 | D:1      | 974 ||| ENCHANTING +0 cloak.
   975 | D:1      | 975 ||| READING scroll of enchant armour.
   975 | D:1      | 975 ||| ENCHANTING +1 cloak.
   976 | D:1      | 976 ||| READING scroll labelled XOUHAN CIOZEHO.
   977 | D:1      | 977 ||| READING scroll labelled IPPUOCH BYTSA.
   978 | D:1      | 978 ||| READING scroll labelled YNLAIT IFFYSH.
   979 | D:1      | 979 ||| READING scroll labelled OBIWNO NYAF.
   980 | D:1      | 980 ||| READING scroll labelled RISIPPALEI.
  1293 | D:2      | 1293 ||| Stepping ~*~*~tactically~*~*~ (stealth).
  1303 | D:2      | 1303 ||| DROPPING +0 club.
  1463 | D:2      | Found an iron altar of Okawaru.
  1464 | D:2      | 1464 ||| PLANNING OKAWARU WORSHIP
  1464 | D:2      | 1464 ||| READING scroll labelled KORE BYSKOSECO.
  1467 | D:2      | 1467 ||| READING scroll labelled TOME FUP GEJU.
  1571 | D:2      | Became a worshipper of Warmaster Okawaru
  1571 | D:2      | 1571 ||| PLANNING D:1-11
  1743 | D:3      | Reached XP level 4. HP: 28/28 MP: 4/4
  1790 | D:3      | Reached skill level 4 in Axes
  1832 | D:3      | 1832 ||| Stepping ~*~*~tactically~*~*~ (hiding).
  1834 | D:3      | 1834 ||| Stepping ~*~*~tactically~*~*~ (hiding).
  1958 | D:3      | Noticed a scorpion
  1964 | D:3      | Killed a scorpion
  1965 | D:3      | Reached XP level 5. HP: 32/32 MP: 5/5
  1966 | D:3      | 1966 ||| Stepping ~*~*~tactically~*~*~ (hiding).
  2050 | D:3      | Reached skill level 5 in Axes
  2279 | D:3      | 2279 ||| READING scroll labelled UFENOS SOGIUL.
  2280 | D:3      | 2280 ||| READING scroll labelled XYAKAA MAJO.
  2281 | D:3      | 2281 ||| DRINKING 3 clear potions.
  2282 | D:3      | 2282 ||| READING 2 scrolls of identify.
  2282 | D:3      | 2282 ||| IDENTIFYING metallic silvery potion
  2283 | D:3      | 2283 ||| DROPPING potion of degeneration.
  2341 | D:4      | Reached XP level 6. HP: 38/38 MP: 6/6
  2361 | D:4      | 2361 ||| Stepping ~*~*~tactically~*~*~ (stealth).
  2362 | D:4      | 2362 ||| Stepping ~*~*~tactically~*~*~ (stealth).
  2366 | D:4      | 2366 ||| Stepping ~*~*~tactically~*~*~ (stealth).
  2387 | D:4      | 2387 ||| Stepping ~*~*~tactically~*~*~ (stealth).
  2430 | D:4      | 2430 ||| Stepping ~*~*~tactically~*~*~ (stealth).
  2432 | D:4      | 2432 ||| Stepping ~*~*~tactically~*~*~ (stealth).
  2455 | D:4      | 2455 ||| Stepping ~*~*~tactically~*~*~ (stealth).
  2456 | D:4      | 2456 ||| Stepping ~*~*~tactically~*~*~ (stealth).
  2458 | D:4      | 2458 ||| Stepping ~*~*~tactically~*~*~ (hiding).
  2829 | D:4      | 2829 ||| DROPPING +0 whip.
  2970 | D:4      | 2970 ||| DROPPING scarf of repulsion.
  2971 | D:4      | 2971 ||| UPGRADING to +0 pair of gloves.
  2976 | D:4      | 2976 ||| DROPPING ring of flight.
  2977 | D:4      | 2977 ||| READING scroll labelled GEUKHI LOKLIYS.
  2977 | D:4      | Identified a scroll of acquirement
  2977 | D:4      | 2977 ||| ACQUIRING +2 war axe of freezing
  2977 | D:4      | Acquired a +2 war axe of freezing
  2979 | D:4      | 2979 ||| SWAPPING to +2 war axe of freezing.
  2980 | D:4      | 2980 ||| DROPPING +1 war axe.
  2997 | D:5      | Entered Level 5 of the Dungeon
  3005 | D:5      | 3005 ||| Stepping ~*~*~tactically~*~*~ (stealth).
  3031 | D:5      | Noticed a water moccasin
  3044 | D:5      | Killed a water moccasin
  3044 | D:5      | Reached * piety under Okawaru
  3045 | D:5      | Reached skill level 6 in Axes
  3045 | D:5      | Reached XP level 7. HP: 32/43 MP: 7/7
  3130 | D:5      | 3130 ||| INVOKING Heroism.
  3132 | D:5      | 3132 ||| Stepping ~*~*~tactically~*~*~ (hiding).
  3155 | D:5      | 3155 ||| DROPPING +0 whip of draining.
  3164 | D:5      | Reached skill level 1 in Invocations
  3177 | D:5      | 3177 ||| INVOKING Heroism.
  3186 | D:5      | Reached skill level 1 in Dodging
  3319 | D:5      | 3319 ||| Stepping ~*~*~tactically~*~*~ (stealth).
  3320 | D:5      | 3320 ||| Stepping ~*~*~tactically~*~*~ (stealth).
  3321 | D:5      | 3321 ||| Stepping ~*~*~tactically~*~*~ (stealth).
  3348 | D:5      | 3348 ||| INVOKING Heroism.
  3354 | D:5      | Reached skill level 3 in Invocations
  3386 | D:5      | 3386 ||| INVOKING Heroism.
  3427 | D:5      | 3427 ||| INVOKING Heroism.
  3433 | D:5      | Reached skill level 7 in Axes
  3433 | D:5      | Reached XP level 8. HP: 48/48 MP: 7/11
  3497 | D:5      | Found a stormy altar of Qazlal.
  3583 | D:5      | Identified the +2 leather armour of Marbles {rPois}
  3633 | D:5      | Found a staircase to the Ecumenical Temple.
  3722 | D:5      | 3722 ||| INVOKING Heroism.
  3742 | D:5      | 3742 ||| DROPPING +0 flail.
  3777 | D:5      | 3777 ||| INVOKING Heroism.
  3781 | D:5      | Reached skill level 1 in Throwing
  4077 | D:5      | 4077 ||| READING scroll labelled TUR EFAZIDGH.
  4078 | D:5      | 4078 ||| READING 2 scrolls of identify.
  4078 | D:5      | 4078 ||| IDENTIFYING golden potion
  4079 | D:5      | 4079 ||| DROPPING potion of flight.
  4201 | D:6      | Reached ** piety under Okawaru
  4208 | D:6      | 4208 ||| INVOKING Heroism.
  4329 | D:6      | Reached skill level 8 in Axes
  4495 | D:6      | 4495 ||| INVOKING Heroism.
  4501 | D:6      | Reached XP level 9. HP: 55/55 MP: 9/12
  4582 | D:6      | 4582 ||| INVOKING Heroism.
  4588 | D:6      | Reached skill level 6 in Fighting
  4690 | D:6      | Found a sparkling altar of Nemelex Xobeh.
  4805 | D:6      | 4805 ||| INVOKING Heroism.
  4867 | D:6      | 4867 ||| Stepping ~*~*~tactically~*~*~ (hiding).
  4869 | D:6      | 4869 ||| Stepping ~*~*~tactically~*~*~ (hiding).
  4881 | D:6      | Found a shimmering blue altar of Sif Muna.
  4885 | D:6      | 4885 ||| INVOKING Heroism.
  4940 | D:6      | Found a bloodstained altar of Trog.
  4945 | D:6      | 4945 ||| DROPPING +0 heavy war axe.
  5022 | D:6      | 5022 ||| DRINKING 2 metallic red potions.
  5023 | D:6      | 5023 ||| READING 7 scrolls of identify.
  5023 | D:6      | 5023 ||| IDENTIFYING green potion
  5074 | D:7      | Noticed a troll
  5075 | D:7      | 5075 ||| INVOKING Heroism.
  5086 | D:7      | Killed a troll
  5087 | D:7      | Reached skill level 9 in Axes
  5122 | D:7      | 5122 ||| Stepping ~*~*~tactically~*~*~ (stealth).
  5124 | D:7      | 5124 ||| Stepping ~*~*~tactically~*~*~ (hiding).
  5201 | D:7      | 5201 ||| Stepping ~*~*~tactically~*~*~ (hiding).
  5204 | D:7      | 5204 ||| Stepping ~*~*~tactically~*~*~ (hiding).
  5280 | D:7      | 5280 ||| Stepping ~*~*~tactically~*~*~ (hiding).
  5281 | D:7      | 5281 ||| Stepping ~*~*~tactically~*~*~ (hiding).
  5283 | D:7      | 5283 ||| Stepping ~*~*~tactically~*~*~ (hiding).
  5365 | D:7      | Noticed a two-headed ogre
  5366 | D:7      | 5366 ||| INVOKING Heroism.
  5378 | D:7      | Killed a two-headed ogre
  5516 | D:7      | 5516 ||| INVOKING Heroism.
  5561 | D:7      | Found a white marble altar of Elyvilon.
  5663 | D:7      | Reached XP level 10. HP: 59/65 MP: 13/13
  5973 | D:7      | 5973 ||| READING scroll labelled YCUAP VAAKI.
  5974 | D:7      | 5974 ||| READING 6 scrolls of identify.
  5974 | D:7      | 5974 ||| IDENTIFYING fuming grey potion
  5975 | D:7      | 5975 ||| READING 5 scrolls of identify.
  5975 | D:7      | 5975 ||| IDENTIFYING fizzy pink potion
  6021 | D:8      | 6021 ||| INVOKING Heroism.
  6022 | D:8      | Noticed Pikel
  6037 | D:8      | Reached *** piety under Okawaru
  6043 | D:8      | 6043 ||| INVOKING Heroism.
  6047 | D:8      | Reached skill level 10 in Axes
  6047 | D:8      | HP: 16/65 [gnoll/+0 spear[a gnoll sergeant] (1)]
  6048 | D:8      | 6048 ||| READING 3 scrolls of teleportation.
  6049 | D:8      | 6049 ||| DRINKING 2 potions of heal wounds.
  6052 | D:8      | Found a burning altar of Makhleb.
  6145 | D:8      | 6145 ||| Stepping ~*~*~tactically~*~*~ (stealth).
  6215 | D:8      | 6215 ||| Stepping ~*~*~tactically~*~*~ (hiding).
  6233 | D:8      | 6233 ||| INVOKING Heroism.
  6240 | D:8      | Killed Pikel
  6391 | D:8      | 6391 ||| INVOKING Heroism.
  6433 | D:8      | 6433 ||| INVOKING Heroism.
  6439 | D:8      | Reached skill level 11 in Axes
  6455 | D:8      | Reached skill level 6 in Armour
  6604 | D:8      | 6604 ||| Stepping ~*~*~tactically~*~*~ (hiding).
  6605 | D:8      | 6605 ||| Stepping ~*~*~tactically~*~*~ (hiding).
  6606 | D:8      | 6606 ||| Stepping ~*~*~tactically~*~*~ (hiding).
  6616 | D:8      | 6616 ||| INVOKING Heroism.
  6788 | D:8      | 6788 ||| Stepping ~*~*~tactically~*~*~ (stealth).
  6793 | D:8      | 6793 ||| Stepping ~*~*~tactically~*~*~ (hiding).
  7029 | D:8      | 7029 ||| Stepping ~*~*~tactically~*~*~ (hiding).
  7041 | D:8      | 7041 ||| FLEEEEING.
  7044 | D:8      | 7044 ||| FLEEEEING.
  7052 | D:8      | 7052 ||| FLEEEEING.
  7053 | D:8      | 7053 ||| FLEEEEING.
  7054 | D:8      | 7054 ||| FLEEEEING.
  7055 | D:8      | 7055 ||| FLEEEEING.
  7056 | D:8      | 7056 ||| FLEEEEING.
  7057 | D:8      | 7057 ||| FLEEEEING.
  7059 | D:8      | 7059 ||| STAIRDANCE
  7129 | D:7      | 7129 ||| READING scroll labelled LIRCHU SIEWIALO.
  7230 | D:7      | 7230 ||| DRINKING 2 fuming green potions.
  7254 | D:7      | 7254 ||| READING 4 scrolls of identify.
  7254 | D:7      | 7254 ||| IDENTIFYING emerald potion
  7255 | D:7      | 7255 ||| DROPPING potion of berserk rage.
  7475 | D:8      | Found Ufer's CLEARANCE SALE!.
  7568 | D:9      | 7568 ||| INVOKING Heroism.
  7580 | D:9      | Reached skill level 9 in Fighting
  7735 | D:9      | 7735 ||| FLEEEEING.
  7736 | D:9      | 7736 ||| FLEEEEING.
  7771 | D:9      | 7771 ||| Stepping ~*~*~tactically~*~*~ (stealth).
  7775 | D:9      | 7775 ||| Stepping ~*~*~tactically~*~*~ (stealth).
  7780 | D:9      | 7780 ||| Stepping ~*~*~tactically~*~*~ (stealth).
  7784 | D:9      | 7784 ||| Stepping ~*~*~tactically~*~*~ (hiding).
  7785 | D:9      | 7785 ||| Stepping ~*~*~tactically~*~*~ (hiding).
  7787 | D:9      | 7787 ||| Stepping ~*~*~tactically~*~*~ (hiding).
  7799 | D:9      | 7799 ||| FLEEEEING.
  7800 | D:9      | 7800 ||| FLEEEEING.
  7801 | D:9      | 7801 ||| FLEEEEING.
  7802 | D:9      | 7802 ||| FLEEEEING.
  7803 | D:9      | 7803 ||| FLEEEEING.
  7804 | D:9      | 7804 ||| FLEEEEING.
  7805 | D:9      | 7805 ||| FLEEEEING.
  7819 | D:9      | Reached XP level 11. HP: 56/71 MP: 14/14
  7873 | D:9      | 7873 ||| Stepping ~*~*~tactically~*~*~ (stealth).
  7874 | D:9      | 7874 ||| INVOKING Heroism.
  7904 | D:9      | 7904 ||| Stepping ~*~*~tactically~*~*~ (hiding).
  7909 | D:9      | 7909 ||| INVOKING Heroism.
  7970 | D:9      | 7970 ||| INVOKING Heroism.
  8382 | D:9      | Found an iron altar of Okawaru.
  8658 | D:9      | 8658 ||| UPGRADING to +0 helmet.
  8663 | D:9      | 8663 ||| UPGRADING to ring of protection from cold.
  8665 | D:9      | 8665 ||| UPGRADING to ring of resist corrosion.
  8667 | D:9      | 8667 ||| READING scroll labelled NIMOSM RECARUGH.
  8668 | D:9      | 8668 ||| DRINKING 2 coppery potions.
  8690 | D:10     | Entered Level 10 of the Dungeon
  8716 | D:10     | 8716 ||| INVOKING Heroism.
  8832 | D:10     | 8832 ||| INVOKING Heroism.
  8906 | D:10     | 8906 ||| Stepping ~*~*~tactically~*~*~ (hiding).
  8948 | D:10     | 8948 ||| INVOKING Heroism.
  9112 | D:10     | 9112 ||| Stepping ~*~*~tactically~*~*~ (stealth).
  9115 | D:10     | 9115 ||| Stepping ~*~*~tactically~*~*~ (stealth).
  9135 | D:10     | Reached skill level 12 in Axes
  9164 | D:10     | Found a glowing golden altar of the Shining One.
  9245 | D:10     | 9245 ||| Stepping ~*~*~tactically~*~*~ (stealth).
  9268 | D:10     | Reached skill level 6 in Shields
  9516 | D:10     | Found a glowing silver altar of Zin.
  9516 | D:10     | Found an ornate altar of the Wu Jian Council.
  9523 | D:10     | Found a broken altar of Ashenzari.
  9525 | D:10     | Found a sacrificial altar of Ru.
  9527 | D:10     | Found a radiant altar of Vehumet.
  9678 | D:11     | You fall into a shaft and drop 3 floors!
  9680 | D:14     | 9680 ||| PLANNING GAUNTLET
  9699 | D:14     | Noticed a cyclops
  9700 | D:14     | 9700 ||| Stepping ~*~*~tactically~*~*~ (hiding).
  9704 | D:14     | 9704 ||| Stepping ~*~*~tactically~*~*~ (hiding).
  9708 | D:14     | 9708 ||| INVOKING Heroism.
  9713 | D:14     | Killed a cyclops
  9720 | D:14     | Noticed a tengu warrior
  9721 | D:14     | 9721 ||| Stepping ~*~*~tactically~*~*~ (stealth).
  9738 | D:14     | 9738 ||| Stepping ~*~*~tactically~*~*~ (hiding).
  9738 | D:14     | Found a gate leading to a gauntlet.
  9751 | D:14     | 9751 ||| INVOKING Heroism.
  9757 | D:14     | HP: 15/71 [tengu warrior/+1 great sword (21)]
  9758 | D:14     | 9758 ||| READING 4 scrolls of teleportation.
  9759 | D:14     | 9759 ||| DRINKING 2 potions of heal wounds.
  9775 | D:14     | 9775 ||| INVOKING Heroism.
  9782 | D:14     | Killed a tengu warrior
  9782 | D:14     | Reached **** piety under Okawaru
  9913 | D:14     | 9913 ||| READING 6 scrolls of identify.
  9913 | D:14     | 9913 ||| IDENTIFYING glowing dark potion
  9914 | D:14     | 9914 ||| DROPPING potion of invisibility.
  9916 | Gauntlet | Entered a Gauntlet
  9916 | Gauntlet | Noticed a necromancer
  9916 | Gauntlet | Found a transporter.
  9916 | Gauntlet | Found a transporter.
  9919 | Gauntlet | Found a transporter.
  9939 | Gauntlet | Found a transporter.
  9949 | Gauntlet | Found a transporter.
  9950 | Gauntlet | Found a transporter.
  9953 | Gauntlet | Noticed a dire elephant
  9960 | Gauntlet | Found a transporter.
  9979 | Gauntlet | Found a transporter.
  9993 | Gauntlet | Found a transporter.
 10004 | Gauntlet | Found a transporter.
 10007 | Gauntlet | Found a transporter.
 10007 | Gauntlet | Noticed a moth of wrath
 10042 | Gauntlet | Found a transporter.
 10082 | Gauntlet | 10082 ||| INVOKING Heroism.
 10092 | Gauntlet | Killed a necromancer
 10192 | Gauntlet | 10192 ||| Stepping randomly (stuck).
 10193 | Gauntlet | 10193 ||| Stepping randomly (stuck).
 10194 | Gauntlet | 10194 ||| Stepping randomly (stuck).
 10195 | Gauntlet | 10195 ||| Stepping randomly (stuck).
 10210 | Gauntlet | 10210 ||| INVOKING Heroism.
 10298 | Gauntlet | 10298 ||| READING scroll of enchant weapon.
 10298 | Gauntlet | 10298 ||| ENCHANTING +2 war axe of freezing.
 10299 | Gauntlet | 10299 ||| DROPPING scarf of repulsion.
 10314 | Gauntlet | 10314 ||| INVOKING Heroism.
 10330 | Gauntlet | Killed a dire elephant
 10330 | Gauntlet | Reached ***** piety under Okawaru
 10331 | Gauntlet | Reached skill level 6 in Invocations
 10331 | Gauntlet | Reached XP level 12. HP: 40/77 MP: 13/16
 10454 | Gauntlet | Identified the +0 helmet of Vupleuluu {rPois rCorr SInv}
 10456 | Gauntlet | 10456 ||| UPGRADING to +0 helmet of Vupleuluu {rPois rCorr
                  | SInv}.
 10466 | Gauntlet | 10466 ||| REMOVING ring of resist corrosion.
 10467 | Gauntlet | 10467 ||| DROPPING +0 helmet.
 10468 | Gauntlet | 10468 ||| UPGRADING to ring of positive energy.
 10470 | Gauntlet | Identified the +6 lajatang "Gaex" {elec, rC+}
 10470 | Gauntlet | Noticed a minotaur
 10471 | Gauntlet | 10471 ||| Stepping ~*~*~tactically~*~*~ (hiding).
 10472 | Gauntlet | 10472 ||| Stepping ~*~*~tactically~*~*~ (hiding).
 10473 | Gauntlet | 10473 ||| INVOKING Heroism.
 10482 | Gauntlet | HP: 9/77 [minotaur/the +6 lajatang "Gaex" {elec, rC+} (26)]
 10483 | Gauntlet | 10483 ||| DRINKING potion of heal wounds.
 10486 | Gauntlet | Mangled by a minotaur

Levels and vault maps discovered:
D:1:      lemuel_arrival_lava_pool, layout_basic, minmay_domino_4
D:2:      layout_loops_ring, basic_altar
D:3:      layout_rooms
D:4:      minmay_skewed_foursquare, layout_basic
D:5:      layout_gridville, nicolae_qazlal_eye_of_the_storm,
          minmay_temple_entry_trees, minmay_quadrilaterals
D:6:      layout_basic, nzn_overflow_gifts_of_might_and_magic,
          kennysheep_mini_moat
D:7:      layout_loops_ring, lemuel_tele_altar, serial_glass, glass_columns_a,
          glass_columns_a, minmay_strange_pillars, feat_on_display,
          minmay_strange_pillars, due_unseen_surprise, minmay_increasing_density
D:8:      layout_basic, demons_altar, enter_bailey_3, minmay_misc_feat_roman,
          nicolae_shop_clearance, uniq_pikel
D:9:      layout_gridville, mainiacjoe_overflow_paths
D:10:     layout_basic, lemuel_doored_altar, chequers_temple_overflow_minitemple
D:11:     layout_loops_ring, erik_lair_island, zombieorc2_lemuel, uniq_urug
D:14:     layout_basic, gauntlet_entry_generic, gammafunk_ghost_abyssal_escape
Gauntlet: minmay_gauntlet_mixed_big_or_small [gammafunk_gauntlet_arena_crates,
          minmay_gauntlet_arena_77_two_paths, gammafunk_gauntlet_arena_teeth,
          minmay_gauntlet_arena_77_radiant_squares,
          nicolae_gauntlet_arena_t_cross, minmay_gauntlet_arena_77_p_blocks,
          gauntlet_exit_green]

Skill      XL: |  1  2  3  4  5  6  7  8  9 10 11 |
---------------+----------------------------------+-----
Axes           | 2 3 4 5 6 7 8 9 11 12 | 12.3
Fighting       | 4 5 8 9 10 | 10.0
Invocations    | 4 6 |  6.0
Dodging        | 1 2 |  2.0
Throwing       | 1 |  1.7
Armour         | 4 5 6 8 |  8.0
Shields        | 4 5 6 |  6.0

Action                     |  1- 3 |  4- 6 |  7- 9 | 10-12 || total
---------------------------+-------+-------+-------+-------++-------
  Melee: War axe           |   122 |   116 |   175 |   409 ||   822
  Throw: Boomerang         |    40 |    46 |    62 |    59 ||   207
 Invoke: Heroism           |       |       |    15 |    20 ||    35
    Use: Scroll            |    10 |     4 |     3 |    10 ||    27
         Potion            |       |     1 |     1 |     5 ||     7
   Stab: Distracted        |       |       |       |     1 ||     1
 Armour: Scale mail        |    31 |       |       |       ||    31
         Chain mail        |    38 |    61 |   105 |   317 ||   521
  Dodge: Dodged            |    66 |    43 |    60 |   194 ||   363
  Block: Buckler           |    20 |    19 |    29 |   136 ||   204

Table legend:
 A = Non-vault XP
 B = Vault XP
 C = Vault XP percentage of total XP
 D = Non-vault monster count
 E = Vault monster count
 F = Vault count percentage of total count
                 A         B        C        D         E       F
            +---------+---------+-------+---------+---------+-------
      Total |   12989 |    5727 |  30.6 |     211 |      42 |  16.6
            +---------+---------+-------+---------+---------+-------
        D:1 |      37 |       6 |  14.0 |      21 |       3 |  12.5
        D:2 |      30 |       0 |   0.0 |      18 |       0 |   0.0
        D:3 |     192 |       0 |   0.0 |      14 |       0 |   0.0
        D:4 |     121 |      99 |  45.0 |      17 |       3 |  15.0
        D:5 |     939 |     331 |  26.1 |      18 |       7 |  28.0
        D:6 |     860 |     169 |  16.4 |      13 |       2 |  13.3
        D:7 |    1732 |     322 |  15.7 |      13 |       6 |  31.6
        D:8 |    2957 |     772 |  20.7 |      38 |       8 |  17.4
        D:9 |    1766 |       0 |   0.0 |      28 |       0 |   0.0
       D:10 |    2631 |       0 |   0.0 |      28 |       0 |   0.0
       D:14 |    1724 |       0 |   0.0 |       3 |       0 |   0.0
   Gauntlet |       0 |    4028 | 100.0 |       0 |      13 | 100.0
            +---------+---------+-------+---------+---------+-------
